 Dungeon Crawl Stone Soup version 0.29-a0-887-gcbe080d7e0 (webtiles) character file.

Game seed: 2806021973343318449

61 night the Grasshopper (level 4, -1/38 HPs)
             Began as a Gnoll Warper on July 21, 2022.
             Killed from afar by Natasha (8 damage)
             ... with a magic dart
             ... on level 2 of the Dungeon.
             The game lasted 00:02:21 (1596 turns).

night the Grasshopper (Gnoll Warper)                Turns: 1596, Time: 00:02:22

Health: -1/38      AC:  3    Str: 10    XL:     4   Next: 7%
Magic:  11/11      EV: 13    Int: 14    God:
Gold:   37         SH:  0    Dex: 12    Spells: 11/13 levels left

rFire   . . .      SeeInvis .     - Unarmed
rCold   . . .      Faith    .   (no shield)
rNeg    . . .      Spirit   .   a - +0 leather armour
rPois   .          Reflect  .   (no helmet)
rElec   .          Harm     .   (no cloak)
rCorr   .          Rampage  .   (no gloves)
Will    .....                   (no boots)
Stlth   +.........              (no amulet)
HPRegen 0.12/turn               (no ring)
MPRegen 0.12/turn               (no ring)

@: no status effects
A: fangs 1, strong nose, distributed training
a: no special abilities


You were on level 2 of the Dungeon.
You visited 1 branch of the dungeon, and saw 2 of its levels.

You collected 37 gold pieces.

Inventory:

Missiles
 c - 7 boomerangs of dispersal (quivered)
 d - 11 stones
 i - 3 silver javelins
Armour
 a - a +0 leather armour (worn)
Scrolls
 b - a scroll of blinking
 e - 2 scrolls of magic mapping {unknown}
 f - 2 scrolls of amnesia {unknown}
 h - 2 scrolls of identify {unknown}
Potions
 g - 2 potions of lignification {unknown}


   Skills:
 + Level 4.6 Fighting
 + Level 1.0 Short Blades
 + Level 1.0 Long Blades
 + Level 1.0 Axes
 + Level 1.0 Maces & Flails
 + Level 1.0 Polearms
 + Level 1.0 Staves
 + Level 1.0 Ranged Weapons
 + Level 2.7 Throwing
 + Level 2.7 Armour
 + Level 4.6 Dodging
 + Level 1.0 Stealth
 + Level 1.0 Shields
 + Level 4.6 Unarmed Combat
 + Level 5.0 Spellcasting
 + Level 0.8 Conjurations
 + Level 0.8 Hexes
 + Level 0.8 Summonings
 + Level 0.8 Necromancy
 + Level 5.4 Translocations
 + Level 0.8 Transmutations
 + Level 0.8 Fire Magic
 + Level 0.8 Ice Magic
 + Level 0.8 Air Magic
 + Level 0.8 Earth Magic
 + Level 0.8 Poison Magic
 + Level 1.1 Invocations
 + Level 1.0 Evocations


You had 11 spell levels left.
You knew the following spells:

 Your Spells              Type           Power      Damage    Failure   Level
a - Blink                 Tloc           36%        N/A       3%          2

Your spell library contained the following spells:

 Spells                   Type           Power      Damage    Failure   Level
 Gell's Gravitas          Tloc           18%        N/A       8%          3
 Lesser Beckoning         Tloc           18%        N/A       8%          3
 Teleport Other           Tloc           18%        N/A       8%          3
 Magic Dart               Conj           20%        1d4       16%         1
 Call Imp                 Summ           5%         N/A       24%         2
 Ignite Poison            Fire/Tmut/Pois 5%         N/A       43%         3
 Mephitic Cloud           Conj/Pois/Air  5%         N/A       43%         3
 Ozocubu's Armour         Ice            5%         N/A       43%         3
 Manifold Assault         Tloc           18%        N/A       56%         5
 Corpse Rot               Necr/Pois/Air  5%         N/A       85%         4
 Ice Form                 Ice/Tmut       5%         N/A       85%         4


Dungeon Overview and Level Annotations

Branches:
Dungeon (2/15)

Altars:

Annotations:
D:2 Natasha


Innate Abilities, Weirdness & Mutations

You have very sharp teeth.
Your uncanny sense of smell can sniff out nearby items.
Your experience applies equally to all skills.


Message History

The crimson imp is lightly wounded.
The crimson imp closely misses you.
You closely miss the crimson imp. You bite the crimson imp.
The crimson imp is lightly wounded.
The crimson imp blinks!
Natasha claws you.
The crimson imp blinks! x2
There is an open door, spattered with blood here.
You hit Natasha.
Natasha is moderately wounded.
Natasha barely misses you.
You barely miss Natasha.
Natasha is moderately wounded.
Natasha casts a spell at you. The magic dart hits you.
You hit Natasha.
Natasha is heavily wounded.
Natasha barely misses you.
You closely miss Natasha.
Natasha is heavily wounded.
Natasha casts a spell.
You barely miss Natasha.
Natasha is heavily wounded.
Natasha barely misses you.
The crimson imp blinks!
You hit Natasha but do no damage.
Natasha is heavily wounded.
The crimson imp disappears in a puff of smoke!
Natasha stares at you and mumbles some strange words.
The magic dart hits you.
You punch Natasha!
Natasha is almost dead.
The shadow imp completely misses you.
The crimson imp blinks!
Natasha barely misses you.
You completely miss Natasha.
Natasha is almost dead.
The shadow imp gestures at you. Pain shoots through your body!
* * * LOW HITPOINT WARNING * * *
Natasha stares at you and mumbles some strange words.
The magic dart hits you!
You die...

.... #...... ##.[. ∆
#...... ###.$..
######...... ........
#........... )....§..
#........###
........######........##.
.........#.............#.
.....###.#.###########.#.
.......#@#.#.........#'#.
.......§h5.#.#.#...#.....
...........#...<...#.....
...........#.#...........
...........# #....###....
...........#∆#.#.......#'
...........#.#.#..####.#.
.....?.....#.#.#..# ###.
...........#.#....# #.


You could see Natasha and a shadow imp (summoned).

Vanquished Creatures
  Natasha (D:2)
  An adder (D:2)
  5 endoplasms
  4 giant cockroaches
  A goblin (D:1)
  4 hobgoblins
  3 kobolds
  A quokka (D:1)
  A ball python (D:1)
  A bat (D:1)
  A frilled lizard (D:2)
  3 rats (D:1)
26 creatures vanquished.

Notes
Turn   | Place    | Note
-------+----------+-------------------------------------------
     0 | D:1      | night the Gnoll Warper began the quest for the Orb.
     0 | D:1      | Reached XP level 1. HP: 20/20 MP: 6/6
   269 | D:1      | Found a faded altar of an unknown god.
   279 | D:1      | Got the Collected Works on Frozen Filth
   308 | D:1      | Reached XP level 2. HP: 22/26 MP: 7/7
   383 | D:1      | Learned a level 2 spell: Blink
   913 | D:2      | Reached skill level 5 in Spellcasting
   913 | D:2      | Reached XP level 3. HP: 25/31 MP: 7/9
  1179 | D:2      | Identified the +1 dagger "Qaax Hes" {flame, rN++}
  1280 | D:2      | Noticed Natasha
  1290 | D:2      | Killed Natasha
  1291 | D:2      | Reached skill level 1 in Short Blades
  1291 | D:2      | Reached skill level 1 in Long Blades
  1291 | D:2      | Reached skill level 1 in Axes
  1291 | D:2      | Reached skill level 1 in Maces & Flails
  1291 | D:2      | Reached skill level 1 in Polearms
  1291 | D:2      | Reached skill level 1 in Staves
  1291 | D:2      | Reached skill level 1 in Ranged Weapons
  1291 | D:2      | Reached skill level 1 in Stealth
  1291 | D:2      | Reached skill level 1 in Shields
  1291 | D:2      | Reached skill level 1 in Invocations
  1291 | D:2      | Reached skill level 1 in Evocations
  1566 | D:2      | Noticed Natasha
  1584 | D:2      | Reached XP level 4. HP: 27/38 MP: 11/11
  1596 | D:2      | Killed from afar by Natasha

Illustrated notes

Levels and vault maps discovered:
D:1:      dpeg_arrival_simpleton_a, layout_basic, ebering_ecumenical_altar_ruins
D:2:      layout_basic, uniq_natasha, uniq_crazy_yiuf_cottage

Skill      XL: |  1  2  3 |
---------------+----------+-----
Spellcasting   | 5 |  5.0
Short Blades   | 1 |  1.0
Long Blades    | 1 |  1.0
Axes           | 1 |  1.0
Maces & Flails | 1 |  1.0
Polearms       | 1 |  1.0
Staves         | 1 |  1.0
Ranged Weapons | 1 |  1.0
Stealth        | 1 |  1.0
Shields        | 1 |  1.0
Invocations    | 1 |  1.1
Evocations     | 1 |  1.0
Fighting       | |  4.6
Throwing       | |  2.7
Armour         | |  2.7
Dodging        | |  4.6
Unarmed Combat | |  4.6
Conjurations   | |  0.8
Hexes          | |  0.8
Summonings     | |  0.8
Necromancy     | |  0.8
Translocations | |  5.4
Transmutations | |  0.8
Fire Magic     | |  0.8
Ice Magic      | |  0.8
Air Magic      | |  0.8
Earth Magic    | |  0.8
Poison Magic   | |  0.8

Action                   |  1- 3 |  4- 6 || total
-------------------------+-------+-------++-------
Melee: Unarmed           |    98 |    12 ||   110
       Bite              |    11 |     1 ||    12
       Punch             |     3 |     1 ||     4
 Stab: Distracted        |     1 |       ||     1
Armor: Leather armour    |    23 |       ||    23
Dodge: Dodged            |    60 |     7 ||    67

Table legend: (Time is in decaauts)
 A = Elapsed time spent in this place.
 B = Non-inter-level travel time spent in this place.
 C = Inter-level travel time spent in this place.
 D = Time resting spent in this place.
 E = Time spent auto-exploring this place.
 F = Levels seen in this place.
 G = Mean time per level.
                   A        B        C        D        E       F      G
               +--------+--------+--------+--------+--------+-----+--------+
         Total |   1586 |   1586 |      0 |    250 |   1114 |   2 |  793.0 |
       Dungeon |   1586 |   1586 |      0 |    250 |   1114 |   2 |  793.0 |
               +--------+--------+--------+--------+--------+-----+--------+

Top non-repeatable levels by time:
     D:1: 872 daAuts
     D:2: 714 daAuts
